 Dungeon Crawl Stone Soup version 0.30-a0-457-g4b7bca3bfa (webtiles) character file.

Game seed: 2319941395183673112

273 runemasterragnar the Cudgeller (level 6, -9/66 HPs)
             Began as a Gnoll Wanderer on Dec 13, 2022.
             Was an Initiate of Ru.
             Mangled by Duvessa
             ... wielding a +6 short sword of speed
              (16 damage)
             ... on level 4 of the Dungeon.
             The game lasted 00:03:23 (2572 turns).

runemasterragnar the Cudgeller (Gnoll Wanderer)     Turns: 2572, Time: 00:03:23

Health: -9/66      AC: 23    Str: 13    XL:     6   Next: 23%
Magic:  11/11      EV:  2    Int: 11    God:    Ru [......]
Gold:   4          SH:  0    Dex: 12    Spells: 10/11 levels left

rFire   . . .      SeeInvis .    e - +4 hand axe
rCold   . . .      Faith    .    (no shield)
rNeg    . . .      Spirit   .    (body armour currently unavailable)
rPois   +          Reflect  .    (helmet currently unavailable)
rElec   .          Harm     .    (cloak currently unavailable)
rCorr   .          Rampage  .    (gloves currently unavailable)
Will    .....      NoTele   +    (boots currently unavailable)
Stlth   +++.......               (no amulet)
HPRegen 0.31/turn                (no ring)
MPRegen 0.12/turn                (no ring)

@: mighty, tree-form, hasted, very quick
A: stationary, stasis, torment immunity, boosted hp, (fangs 1), strong nose,
distributed training
a: Renounce Religion


You were on level 4 of the Dungeon.
You worshipped Ru.
Ru was noncommittal.
You were a tree.
You visited 1 branch of the dungeon, and saw 4 of its levels.

You collected 95 gold pieces.
You spent 91 gold pieces at shops.

Inventory:

Hand Weapons
 a - a +2 mace
 e - a +4 hand axe (weapon)
Missiles
 g - 3 javelins
Armour
 b - a +0 pair of boots (melded)
 d - a +0 leather armour
 l - a +0 ring mail (melded)
 m - a +0 cloak (melded)
Scrolls
 c - 2 scrolls of teleportation
 i - a scroll of summoning {unknown}
 j - 7 scrolls of identify
 k - a scroll of silence {unknown}
 o - a scroll of fear {unknown}
 r - a scroll of amnesia {unknown}
Potions
 f - 5 potions of curing
 n - a potion of mutation


   Skills:
 + Level 2.0 Fighting
 + Level 2.0 Short Blades
 + Level 2.0 Long Blades
 + Level 2.0 Axes
 + Level 6.8 Maces & Flails
 + Level 2.0 Polearms
 + Level 2.0 Staves
 + Level 2.0 Ranged Weapons
 + Level 2.0 Throwing
 + Level 3.2 Armour
 + Level 2.0 Dodging
 + Level 4.6 Stealth
 + Level 2.0 Shields
 + Level 2.0 Unarmed Combat
 + Level 3.4 Spellcasting
 + Level 1.5 Conjurations
 + Level 1.5 Hexes
 + Level 1.5 Summonings
 + Level 1.5 Necromancy
 + Level 1.5 Translocations
 + Level 1.5 Transmutations
 + Level 1.5 Fire Magic
 + Level 1.5 Ice Magic
 + Level 1.5 Air Magic
 + Level 1.5 Earth Magic
 + Level 5.6 Poison Magic
 + Level 2.1 Invocations
 + Level 2.0 Evocations


You had 10 spell levels left.
You knew the following spells:

 Your Spells              Type           Power      Damage    Failure   Level
a - Sting                 Tmut/Pois      36%        1d4       6%          1

Your spell library contained the following spells:

 Spells                   Type           Power      Damage    Failure   Level
 Mephitic Cloud           Conj/Pois/Air  8%         N/A       22%         3


Dungeon Overview and Level Annotations

Branches:
Dungeon (4/15)
 Temple: D:4-7

Altars:
Makhleb
Ru
Vehumet

Shops:
D:1 !

Annotations:
D:4 Duvessa


Innate Abilities, Weirdness & Mutations

You are a tree.
Your roots penetrate the ground, keeping you stationary.
You cannot be teleported.
You are immune to unholy pain and torment.
Your maximum health is greatly increased.
Your equipment is partially melded.
((You have very sharp teeth.))
Your uncanny sense of smell can sniff out nearby items.
Your experience applies equally to all skills.


Message History

You barely miss Duvessa.
Duvessa is moderately wounded.
You barely miss Dowan. Duvessa hits you but does no damage.
Duvessa hits you with a +6 short sword of speed.
Dowan smirks and points a slender finger.
Dowan hits you but does no damage.
Unknown command.
You slash Duvessa!
Duvessa is severely wounded.
You closely miss Dowan.
Duvessa hits you with a +6 short sword of speed.
* * * LOW HITPOINT WARNING * * *
Duvessa hits you but does no damage.
Unknown command.
You barely miss Duvessa.
Duvessa is severely wounded.
You slash Dowan!
You kill Dowan!
Duvessa screams, "No!
How DARE you!"
Duvessa goes berserk!
Duvessa hits you with a +6 short sword of speed!
* * * LOW HITPOINT WARNING * * *
Your Fighting skill increases to level 2!
Your Short Blades skill increases to level 2!
Your Long Blades skill increases to level 2!
Your Axes skill increases to level 2!
Your Polearms skill increases to level 2!
Your Staves skill increases to level 2!
Your Ranged Weapons skill increases to level 2!
Your Throwing skill increases to level 2!
Your Dodging skill increases to level 2!
Your Shields skill increases to level 2!
Your Unarmed Combat skill increases to level 2!
Your Evocations skill increases to level 2!
Unknown command.
Unknown command.
You hit Duvessa but do no damage.
Duvessa is severely wounded.
Duvessa hits you with a +6 short sword of speed!
You die...

##############
#.............#
#.............#
#.............# ∆
#.............#
##......)..)...#
#.........♣e...#
####..............#
####.................#
.....)....>..........#
#..†.....###########
###..).......#
....####.....#
##..##.'.....#
#...##.#.....#


You could see Duvessa (berserk, fast).

Vanquished Creatures
  A kobold brigand (D:3)
  Dowan (D:4)
  A hound (D:4)
  An orc wizard (D:3)
  2 adders (D:3)
  A worm (D:3)
  3 dart slugs
  7 orcs
  6 bats
  5 endoplasms
  3 giant cockroaches
  5 goblins
  3 hobgoblins
  3 jackals
  2 quokkas (D:2)
  6 ball pythons
  4 frilled lizards
  11 kobolds
  6 rats
71 creatures vanquished.

Notes
Turn   | Place    | Note
-------+----------+-------------------------------------------
     0 | D:1      | runemasterragnar the Gnoll Wanderer began the quest for the
                  | Orb.
     0 | D:1      | runemasterragnar set off with the following items: a +2
                  | mace, a +0 pair of boots, a scroll of teleportation, a +0
                  | leather armour; and the following spell memorised: Sting;
                  | and the following spells available to memorise: Mephitic
                  | Cloud.
     0 | D:1      | Reached XP level 1. HP: 13/13 MP: 4/4
    41 | D:1      | Found Nuyragum's Distillery.
   203 | D:1      | Reached XP level 2. HP: 19/19 MP: 5/5
   808 | D:2      | Reached XP level 3. HP: 25/25 MP: 7/7
   825 | D:2      | Found a radiant altar of Vehumet.
   973 | D:2      | Reached skill level 1 in Invocations
  1469 | D:3      | Reached skill level 1 in Fighting
  1469 | D:3      | Reached skill level 1 in Short Blades
  1469 | D:3      | Reached skill level 1 in Long Blades
  1469 | D:3      | Reached skill level 1 in Axes
  1469 | D:3      | Reached skill level 1 in Polearms
  1469 | D:3      | Reached skill level 1 in Staves
  1469 | D:3      | Reached skill level 1 in Ranged Weapons
  1469 | D:3      | Reached skill level 1 in Throwing
  1469 | D:3      | Reached skill level 1 in Dodging
  1469 | D:3      | Reached skill level 1 in Shields
  1469 | D:3      | Reached skill level 1 in Unarmed Combat
  1469 | D:3      | Reached skill level 1 in Evocations
  1493 | D:3      | Reached XP level 4. HP: 32/32 MP: 8/8
  1584 | D:3      | Reached skill level 1 in Conjurations
  1584 | D:3      | Reached skill level 1 in Hexes
  1584 | D:3      | Reached skill level 1 in Summonings
  1584 | D:3      | Reached skill level 1 in Necromancy
  1584 | D:3      | Reached skill level 1 in Translocations
  1584 | D:3      | Reached skill level 1 in Transmutations
  1584 | D:3      | Reached skill level 1 in Fire Magic
  1584 | D:3      | Reached skill level 1 in Ice Magic
  1584 | D:3      | Reached skill level 1 in Air Magic
  1584 | D:3      | Reached skill level 1 in Earth Magic
  1851 | D:3      | Found a sacrificial altar of Ru.
  1862 | D:3      | Became a worshipper of Ru the Awakened
  2108 | D:3      | Noticed a kobold brigand
  2130 | D:3      | Killed a kobold brigand
  2131 | D:3      | Reached XP level 5. HP: 8/37 MP: 9/9
  2282 | D:1      | Bought a potion of lignification for 39 gold pieces
  2282 | D:1      | Bought a potion of might for 52 gold pieces
  2350 | D:4      | Found a burning altar of Makhleb.
  2483 | D:4      | Reached XP level 6. HP: 32/44 MP: 11/11
  2553 | D:4      | Noticed Dowan
  2556 | D:4      | Noticed Duvessa
  2571 | D:4      | Killed Dowan
  2572 | D:4      | Mangled by Duvessa

Illustrated notes

Levels and vault maps discovered:
D:1:      minmay_arrival_three_doors, layout_loops_ring, serial_shops, shop
D:2:      layout_rooms, basic_altar
D:3:      minmay_goblin_kobold_castle, layout_loops_ring,
          nicolae_ru_great_annihilating_truth, st_stairs_3,
          minmay_misc_feat_rugged, minmay_misc_feat_rows
D:4:      layout_basic, makhleb_heckhound_becter, gup_sewer_entry_bowl,
          uniq_grinder, uniq_duvessa

Skill      XL: |  1  2  3  4  5  6 |
---------------+-------------------+-----
Invocations    | 1 2 |  2.1
Fighting       | 1 2 |  2.0
Short Blades   | 1 2 |  2.0
Long Blades    | 1 2 |  2.0
Axes           | 1 2 |  2.0
Polearms       | 1 2 |  2.0
Staves         | 1 2 |  2.0
Ranged Weapons | 1 2 |  2.0
Throwing       | 1 2 |  2.0
Dodging        | 1 2 |  2.0
Shields        | 1 2 |  2.0
Unarmed Combat | 1 2 |  2.0
Evocations     | 1 2 |  2.0
Spellcasting   | 3 |  3.4
Conjurations   | 1 |  1.5
Hexes          | 1 |  1.5
Summonings     | 1 |  1.5
Necromancy     | 1 |  1.5
Translocations | 1 |  1.5
Transmutations | 1 |  1.5
Fire Magic     | 1 |  1.5
Ice Magic      | 1 |  1.5
Air Magic      | 1 |  1.5
Earth Magic    | 1 |  1.5
Armour         | 3 |  3.2
Maces & Flails | |  6.8
Stealth        | |  4.6
Poison Magic   | |  5.6

Action                   |  1- 3 |  4- 6 || total
-------------------------+-------+-------++-------
Melee: Hand axe          |    82 |    87 ||   169
       Bite              |     4 |     3 ||     7
  Use: Potion            |       |     6 ||     6
       Scroll            |       |     1 ||     1
 Stab: Sleeping          |    11 |     2 ||    13
       Distracted        |     1 |       ||     1
       Paralysed         |       |     1 ||     1
Armor: Leather armour    |    13 |       ||    13
       Ring mail         |    12 |    21 ||    33
       Skin              |       |    15 ||    15
Dodge: Dodged            |    41 |    45 ||    86

Table legend: (Time is in decaauts)
 A = Elapsed time spent in this place.
 B = Non-inter-level travel time spent in this place.
 C = Inter-level travel time spent in this place.
 D = Time resting spent in this place.
 E = Time spent auto-exploring this place.
 F = Levels seen in this place.
 G = Mean time per level.
                   A        B        C        D        E       F      G
               +--------+--------+--------+--------+--------+-----+--------+
         Total |   2613 |   2227 |    386 |    246 |   1498 |   4 |  653.2 |
       Dungeon |   2613 |   2227 |    386 |    246 |   1498 |   4 |  653.2 |
               +--------+--------+--------+--------+--------+-----+--------+

Top non-repeatable levels by time:
     D:3: 945 daAuts
     D:1: 890 daAuts
     D:2: 551 daAuts
     D:4: 226 daAuts
